TOP OF THE 1ST |
Spokane Indians batting - Pitching for Vermont Lake Monsters : LHP Shane Stratton
|
Pitching: LHP Shane Stratton
|
|
Batting: RHB Dennis Daniels
|
0-0: Ball 1-0: Called Strike 1-1: Called Strike 1-2: Ball 2-2: Fly out, F6 (Popup, 6, EV 78.1 MPH)
|
Batting: RHB Brandon Davis
|
0-0: Ball 1-0: Foul Ball, location: 2F 1-1: Swinging Strike 1-2: Ball 2-2: SOLO HOME RUN (Flyball, 7LD, EV 97.5 MPH), Distance : 348 ft
|
Batting: RHB Andrew Clarke
|
0-0: Ball 1-0: Called Strike 1-1: Foul Ball, location: 2F 1-2: Foul Ball, location: 2F 1-2: Foul Ball, location: 2F 1-2: Foul Ball, location: 2F 1-2: Foul Ball, location: 2F 1-2: Ball 2-2: Ball 3-2: Ground out 4-3 (Groundball, 4MD, EV 76.2 MPH)
|
Batting: RHB Josh Hamilton
|
0-0: Swinging Strike 0-1: Ball 1-1: Swinging Strike 1-2: Strikes out swinging
|
Top of the 1st over - 1 run, 1 hit, 0 errors, 0 left on base; Spokane 1 - Vermont 0 |
BOTTOM OF THE 1ST |
Vermont Lake Monsters batting - Pitching for Spokane Indians : RHP Bill Tindall
|
Pitching: RHP Bill Tindall
|
|
Batting: LHB Jonathan McDaniel
|
0-0: Called Strike 0-1: Foul Ball, location: 2F 0-2: Ground out 4-3 (Groundball, 4S, EV 89.4 MPH)
|
Batting: RHB Armando Estrada
|
0-0: Ball 1-0: Ball 2-0: DOUBLE (Flyball, 78XD, EV 105.0 MPH)
|
Batting: RHB Jonathan Gallup
|
0-0: Called Strike Armando Estrada steals 3rd base 0-1: Ball 1-1: Ball 2-1: Ground out 6-3 (Groundball, P, EV 89.4 MPH) Armando Estrada scores
|
Batting: LHB Juan Villafana
|
0-0: Foul Ball, location: 2F 0-1: Called Strike 0-2: Ground out U3 (Groundball, 3S, EV 90.0 MPH)
|
Bottom of the 1st over - 1 run, 1 hit, 0 errors, 0 left on base; Spokane 1 - Vermont 1 |
TOP OF THE 2ND |
Spokane Indians batting - Pitching for Vermont Lake Monsters : LHP Shane Stratton
|
Batting: RHB Roberto Contreras
|
0-0: Called Strike 0-1: Called Strike 0-2: Strikes out swinging
|
Batting: RHB Justin Aslinger
|
0-0: Swinging Strike 0-1: Swinging Strike 0-2: Ball 1-2: Foul Ball, location: 2F 1-2: SINGLE (Flyball, 78S, EV 88.1 MPH)
|
Batting: RHB Matt Strong
|
0-0: Ball 1-0: SINGLE (Flyball, 6D, EV 86.2 MPH) Justin Aslinger to second
|
Batting: RHB Gavin Fimple
|
0-0: Ball 1-0: Foul Ball, location: 2F 1-1: Ball 2-1: Ball 3-1: Swinging Strike 3-2: Foul Ball, location: 2F 3-2: Foul Ball, location: 2F 3-2: Strikes out looking
|
Batting: RHB Zi-jing Wang
|
0-0: Called Strike 0-1: Foul Ball, location: 2F 0-2: Strikes out swinging
|
Top of the 2nd over - 0 runs, 2 hits, 0 errors, 2 left on base; Spokane 1 - Vermont 1 |
BOTTOM OF THE 2ND |
Vermont Lake Monsters batting - Pitching for Spokane Indians : RHP Bill Tindall
|
Batting: RHB Eduardo Chavez
|
0-0: Ball 1-0: Foul Ball, location: 2F 1-1: Fly out, F7 (Flyball, 78D, EV 84.4 MPH)
|
Batting: RHB Tony Moran
|
0-0: Called Strike 0-1: Ball 1-1: Swinging Strike 1-2: Ball 2-2: Foul Ball, location: 2F 2-2: Ball 3-2: Strikes out looking
|
Batting: RHB Bastiaan Leenders
|
0-0: Called Strike 0-1: Ball 1-1: SINGLE (Groundball, 34D, EV 95.0 MPH)
|
Batting: RHB Hidetada Iba
|
0-0: Ball Bastiaan Leenders is caught stealing 2nd base 2-4
|
Bottom of the 2nd over - 0 runs, 1 hit, 0 errors, 0 left on base; Spokane 1 - Vermont 1 |
TOP OF THE 3RD |
Spokane Indians batting - Pitching for Vermont Lake Monsters : LHP Shane Stratton
|
Batting: RHB Dennis Daniels
|
0-0: Fly out, F7 (Flyball, 7, EV 83.1 MPH)
|
Batting: RHB Brandon Davis
|
0-0: Ball 1-0: DOUBLE (Groundball, 5L, EV 108.1 MPH)
|
Batting: RHB Andrew Clarke
|
0-0: Foul Ball, location: 2F 0-1: Ball Wild Pitch! Brandon Davis to third 1-1: Foul Ball, location: 2F 1-2: Foul Ball, location: 2F 1-2: Ground out 4-3 (Groundball, 4S, EV 78.1 MPH) Brandon Davis scores
|
Batting: RHB Josh Hamilton
|
0-0: Foul Ball, location: 2F 0-1: Swinging Strike 0-2: Strikes out swinging
|
Top of the 3rd over - 1 run, 1 hit, 0 errors, 0 left on base; Spokane 2 - Vermont 1 |
BOTTOM OF THE 3RD |
Vermont Lake Monsters batting - Pitching for Spokane Indians : RHP Bill Tindall
|
Batting: RHB Hidetada Iba
|
0-0: Ball 1-0: Called Strike 1-1: Ball 2-1: Swinging Strike 2-2: Ball 3-2: Base on Balls
|
Batting: RHB Antonio Bautista
|
0-0: Called Strike 0-1: Swinging Strike 0-2: Ball 1-2: Foul Ball, location: 2F 1-2: Ball 2-2: Strikes out swinging
|
Batting: LHB Jonathan McDaniel
|
0-0: Called Strike 0-1: SINGLE (Groundball, 34D, EV 96.2 MPH) Hidetada Iba to second Runner from 2nd tries for 3rd, SAFE, throw by RF made to third
|
Batting: RHB Armando Estrada
|
0-0: Called Strike Jonathan McDaniel steals 2nd base 0-1: SINGLE (Flyball, 89S, EV 91.9 MPH) Hidetada Iba scores Jonathan McDaniel to third Runner from 3rd tries for Home, SAFE, throw by RF to home Armando Estrada to second
|
Batting: RHB Jonathan Gallup
|
0-0: Ground out 6-3 (Groundball, 6, EV 101.2 MPH)
|
Batting: LHB Juan Villafana
|
0-0: Called Strike 0-1: Fly out, F7 (Flyball, 78M, EV 76.9 MPH)
|
Bottom of the 3rd over - 2 runs, 2 hits, 0 errors, 1 left on base; Spokane 2 - Vermont 3 |
TOP OF THE 4TH |
Spokane Indians batting - Pitching for Vermont Lake Monsters : LHP Shane Stratton
|
Batting: RHB Roberto Contreras
|
0-0: Called Strike 0-1: Swinging Strike 0-2: Foul Ball, location: 2F 0-2: Ball 1-2: Hit by Pitch
|
Batting: RHB Justin Aslinger
|
0-0: Foul Ball, location: 2F 0-1: Ball 1-1: Foul Ball, location: 2F 1-2: Foul Ball, location: 2F 1-2: Ball 2-2: Ball 3-2: Reached on error, E6 (Groundball, 6S, EV 87.5 MPH) Roberto Contreras to second
|
Batting: RHB Matt Strong
|
0-0: Called Strike 0-1: Swinging Strike 0-2: Strikes out swinging
|
Batting: RHB Gavin Fimple
|
0-0: Ball Roberto Contreras steals 3rd base (no throw) Justin Aslinger to second 1-0: Foul Ball, location: 2F 1-1: Foul Ball, location: 2F 1-2: Foul Ball, location: 2F 1-2: Foul Ball, location: 2F 1-2: Ground out 4-3 (Groundball, 4, EV 94.4 MPH) Roberto Contreras scores Justin Aslinger to third
|
Batting: RHB Zi-jing Wang
|
0-0: Called Strike 0-1: Ball 1-1: Foul Ball, location: 2F 1-2: Foul Ball, location: 2F 1-2: Strikes out swinging
|
Top of the 4th over - 1 run, 0 hits, 1 error, 1 left on base; Spokane 3 - Vermont 3 |
BOTTOM OF THE 4TH |
Vermont Lake Monsters batting - Pitching for Spokane Indians : RHP Bill Tindall
|
Batting: RHB Eduardo Chavez
|
0-0: Ball 1-0: Foul Ball, location: 2F 1-1: Called Strike 1-2: Ball 2-2: Ball 3-2: Ground out 4-3 (Groundball, 4S, EV 80.0 MPH)
|
Batting: RHB Tony Moran
|
0-0: Ground out 3-1 (Groundball, 34, EV 86.2 MPH)
|
Batting: RHB Bastiaan Leenders
|
0-0: Foul Ball, location: 2F 0-1: Ball 1-1: Ball 2-1: Called Strike 2-2: Strikes out swinging
|
Bottom of the 4th over - 0 runs, 0 hits, 0 errors, 0 left on base; Spokane 3 - Vermont 3 |
TOP OF THE 5TH |
Spokane Indians batting - Pitching for Vermont Lake Monsters : LHP Shane Stratton
|
Batting: RHB Dennis Daniels
|
0-0: Called Strike 0-1: Ball 1-1: Swinging Strike 1-2: Foul Ball, location: 2F 1-2: Strikes out swinging
|
Batting: RHB Brandon Davis
|
0-0: Called Strike 0-1: Ground out 6-3 (Groundball, 6, EV 87.5 MPH)
|
Pitching: RHP Eddie Carrasco
|
|
Batting: RHB Andrew Clarke
|
0-0: Fly out, F7 (Flyball, 7LS, EV 77.5 MPH)
|
Top of the 5th over - 0 runs, 0 hits, 0 errors, 0 left on base; Spokane 3 - Vermont 3 |
BOTTOM OF THE 5TH |
Vermont Lake Monsters batting - Pitching for Spokane Indians : RHP Bill Tindall
|
Batting: RHB Hidetada Iba
|
0-0: Ground out 6-3 (Groundball, 6, EV 86.9 MPH)
|
Batting: RHB Antonio Bautista
|
0-0: Ball 1-0: Ball 2-0: Ball 3-0: Base on Balls
|
Batting: LHB Jonathan McDaniel
|
0-0: Ball Wild Pitch! Antonio Bautista to second 1-0: Ball 2-0: Ball 3-0: Base on Balls
|
Batting: RHB Armando Estrada
|
0-0: Ball 1-0: Ball 2-0: Called Strike 2-1: Swinging Strike 2-2: Ball 3-2: Hit by Pitch Antonio Bautista to third Jonathan McDaniel to second
|
Batting: RHB Jonathan Gallup
|
0-0: Ball 1-0: Fly out, F7 (Flyball, 7, EV 83.8 MPH)
|
Batting: LHB Juan Villafana
|
0-0: Ball 1-0: Called Strike 1-1: Ball 2-1: Fly out, F7 (Flyball, 7, EV 78.1 MPH)
|
Bottom of the 5th over - 0 runs, 0 hits, 0 errors, 3 left on base; Spokane 3 - Vermont 3 |
TOP OF THE 6TH |
Spokane Indians batting - Pitching for Vermont Lake Monsters : RHP Eddie Carrasco
|
Batting: LHB Gabriel Graves
|
0-0: Called Strike 0-1: Ball 1-1: Called Strike 1-2: Foul Ball, location: 2F 1-2: Ball 2-2: Ball 3-2: SOLO HOME RUN (Flyball, 9D, EV 98.8 MPH), Distance : 370 ft
|
Batting: RHB Roberto Contreras
|
0-0: SOLO HOME RUN (Flyball, 7D, EV 98.8 MPH), Distance : 384 ft
|
Batting: RHB Justin Aslinger
|
0-0: Ball 1-0: Ball 2-0: Foul Ball, location: 2F 2-1: Ball 3-1: Called Strike 3-2: Base on Balls
|
Pinch Hitting: LHB Ben Radach
|
0-0: Foul Ball, location: 2F 0-1: Ball 1-1: Grounds into double play, 3-6-3 (Groundball, 13, EV 89.4 MPH)
|
Batting: RHB Gavin Fimple
|
0-0: Foul Ball, location: 2F 0-1: Foul Ball, location: 2F 0-2: Ball 1-2: Ball 2-2: Foul Ball, location: 2F 2-2: Strikes out swinging
|
Top of the 6th over - 2 runs, 2 hits, 0 errors, 0 left on base; Spokane 5 - Vermont 3 |
BOTTOM OF THE 6TH |
Vermont Lake Monsters batting - Pitching for Spokane Indians : RHP Bill Tindall
|
Now in RF: Dale Aubrey
|
|
Batting: RHB Eduardo Chavez
|
0-0: Ball 1-0: Called Strike 1-1: Swinging Strike 1-2: Ground out 6-3 (Groundball, 6, EV 106.2 MPH)
|
Batting: RHB Tony Moran
|
0-0: Ball 1-0: Ball 2-0: Called Strike 2-1: Ball 3-1: Swinging Strike 3-2: Foul Ball, location: 2F 3-2: Strikes out swinging
|
Batting: RHB Bastiaan Leenders
|
0-0: Foul Ball, location: 2F 0-1: Ball 1-1: Swinging Strike 1-2: Strikes out swinging
|
Bottom of the 6th over - 0 runs, 0 hits, 0 errors, 0 left on base; Spokane 5 - Vermont 3 |
TOP OF THE 7TH |
Spokane Indians batting - Pitching for Vermont Lake Monsters : RHP Eddie Carrasco
|
Batting: RHB Zi-jing Wang
|
0-0: Swinging Strike 0-1: Foul Ball, location: 2F 0-2: Ball 1-2: Foul Ball, location: 2F 1-2: Ball 2-2: Foul Ball, location: 2F 2-2: SOLO HOME RUN (Flyball, 7LD, EV 96.2 MPH), Distance : 354 ft
|
Pitching: LHP David Noffsinger
|
|
Batting: RHB Dennis Daniels
|
0-0: Called Strike 0-1: Hit by Pitch, AND HE CHARGES THE MOUND! The benches clear!
|
Pitching: RHP Mike Bowling
|
|
Pinch Runner at 1st Jesse White:
|
|
Batting: RHB Brandon Davis
|
0-0: Bunted foul 0-1: Bunt missed! 0-2: SINGLE (Line Drive, 34D, EV 98.1 MPH) Jesse White to second Runner from 2nd tries for 3rd, SAFE, throw by RF made to third
|
Batting: RHB Andrew Clarke
|
0-0: Ball 1-0: Swinging Strike 1-1: Foul Ball, location: 2F 1-2: Foul Ball, location: 2F 1-2: Ball 2-2: Ball 3-2: Foul Ball, location: 2F 3-2: Strikes out swinging
|
Batting: LHB Gabriel Graves
|
0-0: Ball Brandon Davis is caught stealing 2nd base 2-6 1-0: Called Strike 1-1: Ball 2-1: Called Strike 2-2: Ball 3-2: Foul Ball, location: 2F 3-2: Ground out 4-3 (Groundball, 4M, EV 92.5 MPH)
|
Top of the 7th over - 1 run, 2 hits, 0 errors, 1 left on base; Spokane 6 - Vermont 3 |
BOTTOM OF THE 7TH |
Vermont Lake Monsters batting - Pitching for Spokane Indians : RHP Bill Tindall
|
Now at 2B: Knud Prins
|
|
Now at SS: Jose Guerrero
|
|
Batting: RHB Hidetada Iba
|
0-0: Ground out 4-3 (Groundball, 34D, EV 76.2 MPH)
|
Batting: RHB Antonio Bautista
|
0-0: Ball 1-0: Called Strike 1-1: Ball 2-1: Foul Ball, location: 2F 2-2: Foul Ball, location: 2F 2-2: Strikes out looking
|
Batting: LHB Jonathan McDaniel
|
0-0: SINGLE (Line Drive, 6MD, EV 98.8 MPH)
|
Pitching: RHP Jeff Bliss
|
|
Batting: RHB Armando Estrada
|
0-0: Ball 1-0: Ball 2-0: Ball 3-0: Base on Balls Jonathan McDaniel to second
|
Batting: RHB Jonathan Gallup
|
0-0: Ball 1-0: Ball 2-0: Called Strike 2-1: Swinging Strike 2-2: Foul Ball, location: 2F 2-2: DOUBLE (Groundball, 5L, EV 105.0 MPH) Jonathan McDaniel scores Armando Estrada to third Runner from 3rd tries for Home, throw by LF and OUT! 7-6-2
|
Bottom of the 7th over - 1 run, 2 hits, 0 errors, 1 left on base; Spokane 6 - Vermont 4 |
TOP OF THE 8TH |
Spokane Indians batting - Pitching for Vermont Lake Monsters : RHP Mike Bowling
|
Now at 3B: Larry Prey
|
|
Now at SS: Eduardo Chavez
|
|
Batting: RHB Roberto Contreras
|
0-0: Foul Ball, location: 2F 0-1: Swinging Strike 0-2: Ball 1-2: Ball 2-2: Ball 3-2: Foul Ball, location: 2F 3-2: Base on Balls
|
Batting: RHB Justin Aslinger
|
0-0: Bunt missed! 0-1: Bunt missed! 0-2: Fielders Choice at 2nd, 6-4 (Groundball, 6, EV 105.0 MPH)
|
Batting: RHB Dale Aubrey
|
0-0: Ball Wild Pitch! Justin Aslinger to second 1-0: Ball 2-0: Ball 3-0: Called Strike 3-1: DOUBLE (Line Drive, 89D, EV 98.8 MPH) Justin Aslinger scores
|
Batting: RHB Gavin Fimple
|
0-0: Swinging Strike 0-1: Ball 1-1: Foul Ball, location: 2F 1-2: Strikes out swinging
|
Batting: RHB Zi-jing Wang
|
0-0: Foul Ball, location: 2F 0-1: Foul Ball, location: 2F 0-2: Strikes out swinging
|
Top of the 8th over - 1 run, 1 hit, 0 errors, 1 left on base; Spokane 7 - Vermont 4 |
BOTTOM OF THE 8TH |
Vermont Lake Monsters batting - Pitching for Spokane Indians : RHP Jeff Bliss
|
Now at 1B: Tony Mendez
|
|
Batting: LHB Juan Villafana
|
0-0: Swinging Strike 0-1: Ball 1-1: Swinging Strike 1-2: Ball 2-2: Strikes out looking
|
Batting: RHB Eduardo Chavez
|
0-0: Called Strike 0-1: Ball 1-1: SINGLE (Flyball, 78S, EV 93.1 MPH)
|
Batting: RHB Tony Moran
|
0-0: Ball 1-0: Foul Ball, location: 2F 1-1: Ball 2-1: Fly out, F7 (Flyball, 78S, EV 87.5 MPH)
|
Batting: RHB Bastiaan Leenders
|
0-0: Ball 1-0: Ball 2-0: Ground out 4-3 (Groundball, 4MS, EV 65.6 MPH)
|
Bottom of the 8th over - 0 runs, 1 hit, 0 errors, 1 left on base; Spokane 7 - Vermont 4 |
TOP OF THE 9TH |
Spokane Indians batting - Pitching for Vermont Lake Monsters : RHP Mike Bowling
|
Pitching: RHP Cory Falcon
|
|
Pinch Hitting: LHB Alex Ramos
|
0-0: Ball 1-0: Called Strike 1-1: Ball 2-1: Foul Ball, location: 2F 2-2: Foul Ball, location: 2F 2-2: Strikes out swinging
|
Batting: RHB Brandon Davis
|
0-0: Ball 1-0: Foul Ball, location: 2F 1-1: Called Strike 1-2: Ball 2-2: Fly out, F3 (Popup, 34S, EV 67.5 MPH)
|
Batting: RHB Knud Prins
|
0-0: Ball 1-0: Ball 2-0: Called Strike 2-1: Foul Ball, location: 2F 2-2: Ball 3-2: Foul Ball, location: 2F 3-2: Ground out 4-3 (Groundball, 4M, EV 81.2 MPH)
|
Top of the 9th over - 0 runs, 0 hits, 0 errors, 0 left on base; Spokane 7 - Vermont 4 |
BOTTOM OF THE 9TH |
Vermont Lake Monsters batting - Pitching for Spokane Indians : RHP Jeff Bliss
|
Pitching: LHP Ryan Fulford
|
|
Now at SS: Reagan Dudley
|
|
Batting: RHB Hidetada Iba
|
0-0: Ball 1-0: Ball 2-0: Called Strike 2-1: Called Strike 2-2: Fly out, F9 (Flyball, 9D, EV 97.5 MPH)
|
Batting: RHB Antonio Bautista
|
0-0: Ball 1-0: Called Strike 1-1: Ball 2-1: Called Strike 2-2: Foul Ball, location: 2F 2-2: Strikes out swinging
|
Batting: LHB Jonathan McDaniel
|
0-0: Ground out U3 (Groundball, 3L, EV 102.5 MPH)
|
Bottom of the 9th over - 0 runs, 0 hits, 0 errors, 0 left on base; Spokane 7 - Vermont 4 |
|